 Dungeon Crawl Stone Soup version 0.19.1 (webtiles) character file.

3619 Tiuover the Carver (level 10, -8/68 HPs)
             Began as an Octopode Fighter on Dec 18, 2016.
             Was a Believer of Dithmenos.
             Killed from afar by Erica (30 damage)
             ... with an orb of energy
             ... on level 8 of the Dungeon on Dec 19, 2016.
             The game lasted 00:31:52 (9744 turns).

Tiuover the Carver (Octopode Fighter)               Turns: 9744, Time: 00:31:53

Health: -8/68      AC:  1    Str: 18    XL:     10   Next: 11%
Magic:  19/19      EV: 13    Int: 10    God:    Dithmenos [**....]
Gold:   250        SH: 10    Dex: 15    Spells: 0 memorised, 9 levels left

rFire  . . .     SeeInvis .     m - +2 long sword (curse)
rCold  . . .     Gourm    +     b - +1 shield
rNeg   . . .     Faith    .     (helmet restricted)
rPois  .         Spirit   .     A - amulet of the gourmand
rElec  .         Reflect  .     a - +2 ring of strength
rCorr  .         Harm     .     s - ring of magical power
MR     .....                    (no ring)
Stlth  ++++++....               (no ring)
                                (no ring)
                                (no ring)
                                (no ring)
                                (no ring)

@: lethally poisoned (-8 -> -14), very slightly contaminated, hasted and slowed,
wreathed by umbra
A: almost no armour, stealthy swim, amphibious, 8 rings, constrict 8, camouflage
1, gelatinous body 1
a: Shadow Step, Renounce Religion


You were on level 8 of the Dungeon.
You worshipped Dithmenos.
Dithmenos was pleased with you.
You were completely stuffed.

You visited 2 branches of the dungeon, and saw 9 of its levels.

You collected 439 gold pieces.
You spent 189 gold pieces at shops.

Inventory:

Hand Weapons
 m - a cursed +2 long sword (weapon)
 B - a +2 dagger of protection
 C - a +0 hunting sling
Missiles
 z - 50 sling bullets (quivered)
Armour
 b - a +1 shield (worn)
Jewellery
 a - a +2 ring of strength (left tentacle)
 s - a ring of magical power (right tentacle)
 A - an amulet of the gourmand (around mantle)
Wands
 j - a wand of random effects (17/48)
 p - a wand of slowing (15/48)
 u - a wand of flame (7/48)
Scrolls
 g - a scroll of recharging
 i - 4 scrolls of teleportation
 n - 3 scrolls of fog
 r - a scroll of noise
Potions
 e - 6 potions of curing
 k - 2 potions of brilliance {unknown}
 o - 2 potions of lignification {unknown}
 t - a potion of mutation {unknown}
 w - a potion of flight {unknown}
 x - a potion of agility {unknown}
 E - a potion of degeneration {unknown}
Comestibles
 d - 5 bread rations
 f - 5 meat rations
 h - 3 slices of pizza
 q - a beef jerky
 D - 3 fruits


   Skills:
 * Level 5.9 Fighting
 + Level 11.5 Long Blades
 + Level 4.6 Dodging
 - Level 7.5 Stealth
 - Level 3.0 Shields


You had 9 spell levels left.
You didn't know any spells.

Dungeon Overview and Level Annotations

Branches:
Dungeon (8/15)             Temple (1/1) D:5
   Lair: D:8-11

Altars:
Ashenzari
Dithmenos
Elyvilon
Fedhas
Hepliaklqana
Kikubaaqudgha
Makhleb
Okawaru
Qazlal
Ru
Sif Muna
Uskayaw
Vehumet
Xom
The Shining One

Shops:
D:6 *

Annotations:
D:5 duvessa
D:7 Prince Ribbit
D:8 Erica


Innate Abilities, Weirdness & Mutations

You cannot wear most types of armour.
You are very stealthy in the water. (Stealth+)
You are amphibious.
You can wear up to eight rings at the same time.
You can use your tentacles to constrict eight enemies at once.
Your skin changes colour to match your surroundings (Stealth+).
Your rubbery body absorbs attacks. (AC +1, EV +1)


Message History

Erica is lightly wounded.
Erica hits you with a scimitar of flaming!
Erica burns you.
You hit Erica. Your grab misses Erica. You squeeze Erica.
Erica is lightly wounded.
You slash Erica! You grab Erica. You squeeze Erica!
Erica is heavily wounded.
You constrict Erica, but do no damage.
Erica points at you and mumbles some strange words.
The bolt of poison hits you!
You are poisoned.
You slash Erica!
Erica is heavily wounded.
You constrict Erica.
You feel sick. You block Erica's attack.
You slash Erica! You squeeze Erica!
Erica is almost dead.
You constrict Erica.
You feel sick. Erica casts a spell at you. The orb of energy hits you!
You die...

#....)....######.##....#.....##
#..............................
#.........######.##....########
#.§.....####...#.###..##
#..§>.............# #..#
#§§...............# #..#
#§§......##...##..# #y.#
##.......#.....#.$# #..########
#.........._..@@.# #......yy..
#.......#.?...#[.# ##.##....F.
#######.##...##..## #†# .yy..
#..)...[....# #.# ....
###......##.###.# ...
####...##..##.# .. #######'##.#
# ........# ........#


You could see Erica.

Vanquished Creatures
  Grinder (D:5)
  2 hippogriffs (D:6)
  A hungry ghost (D:6)
  Menkaure (D:5)
  Duvessa (D:5)
  A black bear (D:6)
  3 phantoms
  4 ogres
  A crocodile (D:8)
  3 bullfrogs
  A gnoll sergeant (D:8)
  Dowan (D:5)
  A water moccasin zombie (D:4)
  A killer bee (D:8)
  5 wights (D:5)
  A howler monkey (D:5)
  6 crimson imps
  A centaur zombie (D:6)
  A jelly (D:8)
  A bullfrog skeleton (D:4)
  A centaur skeleton (D:7)
  5 orc priests
  10 orc wizards
  Natasha (thrice) (D:4)
  8 worker ants
  A hound zombie (D:5)
  A worker ant zombie (D:7)
  Robin (D:4)
  A howler monkey zombie (D:7)
  5 gnolls (D:8)
  6 adders
  3 oozes
  2 adder skeletons (D:4)
  2 worms
  A dart slug (D:1)
  4 leopard geckos
  26 orcs
  A ball python (D:7)
  10 giant cockroaches
  19 goblins
  12 hobgoblins
  8 jackals
  A kobold (D:2)
  5 quokkas
  5 bats
  4 frilled lizards
  A leopard gecko zombie (D:8)
  7 rats
190 creatures vanquished.

Vanquished Creatures (others)
  A hobgoblin (D:4)
  2 jackals (D:4)
  A quokka (D:4)
4 creatures vanquished.

Grand Total: 194 creatures vanquished

Notes
Turn   | Place    | Note
-------+----------+-------------------------------------------
     0 | D:1      | Tiuover the Octopode Fighter began the quest for the Orb.
     0 | D:1      | Reached XP level 1. HP: 16/16 MP: 1/1
   207 | D:1      | Reached XP level 2. HP: 21/21 MP: 2/2
   272 | D:1      | Reached skill level 3 in Long Blades
   536 | D:1      | Reached XP level 3. HP: 26/26 MP: 3/3
   751 | D:2      | Found a stormy altar of Qazlal.
   751 | D:2      | Found a glowing golden altar of the Shining One.
   963 | D:2      | Reached skill level 4 in Long Blades
  1162 | D:2      | Reached XP level 4. HP: 20/31 MP: 4/4
  2317 | D:4      | Reached skill level 5 in Long Blades
  2317 | D:4      | Reached XP level 5. HP: 7/36 MP: 5/5
  2625 | D:4      | Noticed an ogre
  2634 | D:4      | Killed an ogre
  2634 | D:4      | Reached skill level 6 in Long Blades
  2850 | D:4      | Found a white marble altar of Elyvilon.
  2864 | D:4      | Reached XP level 6. HP: 34/42 MP: 6/6
  3128 | D:4      | Noticed Natasha
  3145 | D:4      | Killed Natasha
  3145 | D:4      | Reached skill level 7 in Long Blades
  3148 | D:4      | Noticed Robin
  3154 | D:4      | Killed Robin
  3235 | D:4      | Noticed a phantom
  3237 | D:4      | Noticed a phantom
  3265 | D:4      | Reached XP level 7. HP: 18/46 MP: 7/7
  3277 | D:4      | Reached skill level 8 in Long Blades
  3512 | D:4      | Noticed Natasha
  3518 | D:4      | Killed Natasha
  3644 | D:4      | Noticed Natasha
  3653 | D:4      | Killed Natasha
  3653 | D:4      | Reached skill level 1 in Stealth
  4137 | D:5      | Entered Level 5 of the Dungeon
  4137 | D:5      | Noticed Duvessa
  4137 | D:5      | Noticed Dowan
  4198 | D:5      | Reached XP level 8. HP: 44/52 MP: 8/8
  4270 | D:5      | Noticed Grinder
  4322 | D:5      | Paralysed by Grinder for 3 turns
  4585 | D:5      | Killed Duvessa
  4585 | D:5      | Reached skill level 5 in Stealth
  4589 | D:5      | Killed Dowan
  4830 | D:5      | Killed Grinder
  4992 | D:5      | Reached skill level 9 in Long Blades
  5380 | D:5      | Noticed Menkaure
  5386 | D:5      | Killed Menkaure
  5427 | D:5      | Found a staircase to the Ecumenical Temple.
  5454 | Temple   | Entered the Ecumenical Temple
  5476 | Temple   | Became a worshipper of Dithmenos the Shadowed
  5624 | D:6      | Reached skill level 10 in Long Blades
  5624 | D:6      | Reached XP level 9. HP: 43/56 MP: 9/9
  5694 | D:6      | Found Qankahul's Assorted Antiques.
  5713 | D:6      | Bought a scroll of identify for 54 gold pieces
  5713 | D:6      | Bought a dented cameo amulet for 135 gold pieces
  5794 | D:6      | Found a shimmering altar of Xom.
  5906 | D:6      | Found a shadowy altar of Dithmenos.
  6365 | D:7      | Noticed Prince Ribbit
  7288 | D:7      | Found a sacrificial altar of Ru.
  7340 | D:7      | Found a hide-covered altar of Uskayaw.
  7412 | D:6      | HP: 2/57 [hippogriff (9)]
  7850 | D:7      | Reached * piety under Dithmenos
  7864 | D:7      | Reached skill level 11 in Long Blades
  7926 | D:7      | Found a hide-covered altar of Uskayaw.
  8548 | D:7      | Reached skill level 5 in Fighting
  9456 | D:8      | Reached XP level 10. HP: 66/66 MP: 10/10
  9528 | D:8      | Reached ** piety under Dithmenos
  9541 | D:8      | Noticed Erica
  9563 | D:8      | Found a shadowy altar of Dithmenos.
  9698 | D:8      | Found an iron altar of Okawaru.
  9744 | D:8      | Killed from afar by Erica

Skill      XL: |  1  2  3  4  5  6  7  8  9 |
---------------+----------------------------+-----
Long Blades    | 3 4 5 6 7 8 10 11 | 11.5
Stealth        | 4 7 |  7.5
Fighting       | 5 |  5.9
Dodging        | 4 |  4.6
Shields        | |  3.0

Action                   |  1- 3 |  4- 6 |  7- 9 | 10-12 || total
-------------------------+-------+-------+-------+-------++-------
Melee: Long sword        |    80 |   106 |   307 |    32 ||   525
       Constrict         |    20 |    28 |    67 |     6 ||   121
       Tentacles         |    12 |    30 |    87 |    12 ||   141
Evoke: Wand              |       |       |     1 |       ||     1
  Use: Scroll            |     4 |     2 |     6 |     1 ||    13
       Potion            |       |     1 |     5 |     1 ||     7
 Stab: Sleeping          |     8 |     5 |    19 |     4 ||    36
       Distracted        |       |       |     5 |       ||     5
  Eat: Chunk             |     1 |     7 |    39 |     1 ||    48
       Beef jerky        |       |       |     1 |       ||     1
Armor: Skin              |     9 |     7 |     9 |       ||    25
Dodge: Dodged            |    41 |    41 |   113 |     8 ||   203
Block: Shield            |    36 |    26 |   117 |     7 ||   186
       Rpst.: Long sword |    20 |    14 |    25 |     4 ||    63
